 Dungeon Crawl Stone Soup version 0.26.1-2-gb8aa6d0cf2 (webtiles) character file.

Game seed: 4477293411236651177

7941 Gadfly the Prestidigitator (level 11, -4/84 HPs)
             Began as a Demonspawn Monk on Feb 9, 2021.
             Was a High Priest of Nemelex Xobeh.
             Shot with an arrow by a centaur warrior (8 damage)
             ... in a volcano.
             The game lasted 00:20:36 (12520 turns).

Gadfly the Prestidigitator (Demonspawn Monk)       Turns: 12520, Time: 00:20:41

Health: -4/84      AC: 21    Str: 14    XL:     11   Next: 3%
Magic:  17/17      EV:  5    Int: 12    God:    Nemelex Xobeh [*****.]
Gold:   545        SH:  0    Dex: 18    Spells: 10/10 levels left

rFire    . . .     SeeInvis .   a - +0 war axe (freeze)
rCold    + . .     Faith    +   (no shield)
rNeg     . . .     Spirit   .   j - +0 plate armour
rPois    .         Reflect  .   p - +1 hat of Courage {+Inv Dex+2}
rElec    .         Harm     +   d - scarf {harm}
rCorr    .         Rampage  .   e - +1 pair of gloves
Will     .....                  i - +2 pair of boots
Stlth    ..........             k - amulet of faith
HPRegen  0.24/turn              g - ring of protection from cold
MPRegen  0.15/turn              (no ring)

@: no status effects
A: claws 2, rugged brown scales 1, demonic guardian 2, spiny 2
a: Renounce Religion, Evoke Invisibility, Draw Escape, Draw Destruction, Draw
Summoning, Triple Draw, Deal Four, Stack Five


You were in a volcano.
You worshipped Nemelex Xobeh.
Nemelex Xobeh was extremely pleased with you.
You visited 3 branches of the dungeon, and saw 12 of its levels.
You also visited: Volcano.

You collected 545 gold pieces.

Inventory:

Hand Weapons
 a - a +0 war axe of freezing (weapon)
 b - the +5 quarterstaff "Tilub" {vorpal, rElec rC+}
   (You found it on level 10 of the Dungeon)

   It inflicts extra damage upon your enemies.
   It protects you from cold.
   It insulates you from electricity.
 u - a +0 battleaxe
 z - a +0 short sword of flaming
Armour
 d - a scarf of harm (worn)
 e - a +1 pair of gloves (worn)
 i - a +2 pair of boots (worn)
 j - a +0 plate armour (worn)
 p - the +1 hat of Courage (worn) {+Inv Dex+2}
   (You found it on level 6 of the Dungeon)

   It affects your dexterity (+2).
   It lets you turn invisible.
Jewellery
 g - a ring of protection from cold (left hand)
 k - an amulet of faith (around neck)
 q - an uncursed amulet of regeneration
Wands
 c - a wand of enslavement (13)
 s - a wand of random effects (5) (quivered)
 x - a wand of polymorph (6)
 y - a wand of digging (6)
 A - a wand of paralysis (9)
Scrolls
 f - 12 scrolls of remove curse
 o - 2 scrolls of teleportation
 w - a scroll of acquirement {unknown}
Potions
 h - 8 potions of curing
 l - a potion of flight
 m - 2 potions of resistance
 n - 2 potions of attraction
 r - a potion of berserk rage
 t - a potion of lignification
 v - a potion of heal wounds {unknown}


   Skills:
 + Level 6.3 Fighting
 * Level 8.2 Axes
 * Level 7.8 Armour
 - Level 2.6 Dodging
 - Level 1.7 Stealth
 + Level 8.3 Invocations
 * Level 8.6 Evocations


You had 10 spell levels left.
You didn't know any spells.
Your spell library contained the following spells:

 Spells                   Type           Power        Failure   Level
 Corona                   Hex            0%           100%        1
 Freeze                   Ice            0%           100%        1
 Ensorcelled Hibernation  Hex/Ice        0%           100%        2
 Confusing Touch          Hex            0%           100%        3
 Dazzling Flash           Conj/Hex       0%           100%        3
 Frozen Ramparts          Ice            0%           100%        3
 Ozocubu's Armour         Ice            0%           100%        3
 Static Discharge         Conj/Air       0%           100%        3
 Tukima's Dance           Hex            0%           100%        3
 Hailstorm                Conj/Ice       0%           100%        4
 Summon Ice Beast         Ice/Summ       0%           100%        4
 Lightning Bolt           Conj/Air       0%           100%        5
 Ignition                 Fire           0%           100%        8
 Shatter                  Erth           0%           100%        9
 Tornado                  Air            0%           100%        9


Dungeon Overview and Level Annotations

Branches:
Dungeon (10/15)            Temple (1/1) D:7            Lair (1/6) D:9
    Orc (0/2) D:9         Volcano (1/1)

Altars:
Ashenzari
Cheibriados
Dithmenos
Elyvilon
Fedhas
Gozag
Hepliaklqana
Kikubaaqudgha
Makhleb
Nemelex Xobeh
Okawaru
Qazlal
Ru
Sif Muna
Trog
Uskayaw
Vehumet
Wu Jian
Xom
Yredelemnul
Zin
The Shining One

Shops:
D:4 *

Annotations:
D:10 1 runed translucent door


Innate Abilities, Weirdness & Mutations

You have very sharp fingernails.
You are partially covered in rugged brown scales. (AC +1, +3% HP)
A demonic guardian rushes to your aid.
You are mostly covered in sharp spines.


Message History

Press: ? - help, Shift-Dir - straight line, f - yaktaur
Aim: a yaktaur, wielding a +1 arbalest of flaming and quivering 16 bolts The glob of acid hits the yaktaur!!
The yaktaur is splashed with acid.
The acid corrodes the yaktaur!
You kill the yaktaur!
The centaur warrior shoots an arrow.
The arrow hits you! The arrow burns you.
The yaktaur shoots a bolt.
The bolt barely misses you.
You swap places.
The centaur warrior shoots an arrow.
The arrow barely misses your +5 demon trident of electrocution.
The arrow hits you!
* * * LOW HITPOINT WARNING * * *
The arrow burns you.
* * * LOW HITPOINT WARNING * * *
The centaur warrior shoots an arrow.
The arrow closely misses your +5 demon trident of electrocution.
The arrow hits you!
* * * LOW HITPOINT WARNING * * *
The arrow burns you!
You die...
Your body glows with a rainbow of weird colours and disappears.

#...§§§§≈§§≈§§
#...≈§≈≈≈≈§≈§≈
#...≈≈§§§§≈§≈≈
#.....§≈§≈§§§≈
##....≈≈≈≈≈§≈≈ # #####
###§..≈≈≈§§≈≈ ###.
#...## ##...≈≈≈§§≈§
#.8c.#....###8....≈≈§≈≈§
#c_..'(@..)(......≈§≈≈≈§
#.8).#..(.###8...§.§≈§≈§
###. #...## ###...§.≈≈.≈
# ##### ##........
####..### ####


You could see a centaur warrior, a yaktaur and a friendly +5 demon trident of
electrocution (summoned).

Vanquished Creatures
  Harold (D:9)
  Joseph (D:9)
  A yaktaur (Volcano)
  A meliai (D:8)
  A wyvern (D:9)
  4 fire bats (Volcano)
  A basilisk (Lair:1)
  4 orc warriors
  A black bear (D:8)
  4 ice beasts
  2 phantoms
  5 sky beasts
  A necrophage (D:6)
  7 ogres
  2 centaurs
  6 bullfrogs
  3 scorpions
  4 killer bees
  8 howler monkeys
  5 hounds
  5 lava snakes (Volcano)
  2 bullfrog skeletons
  A centaur skeleton (D:8)
  8 orc wizards
  2 orc priests
  3 iguanas
  11 worker ants
  A killer bee zombie (D:7)
  A hound zombie (D:6)
  2 hound skeletons
  2 worker ant zombies
  12 adders
  A white imp (D:9)
  An ooze (D:3)
  2 ufetubi
  2 adder skeletons
  3 worms
  2 dart slugs (D:1)
  2 leopard geckos
  41 orcs
  2 ball pythons
  6 bats
  9 giant cockroaches
  3 goblins
  4 hobgoblins
  10 jackals
  7 quokkas
  3 frilled lizards
  8 kobolds
  A quokka zombie (D:6)
  5 rats
224 creatures vanquished.

Vanquished Creatures (collateral kills)
  2 two-headed ogres (D:8)
  A yaktaur (Volcano)
  The ghost of Alvadar the Shield-Bearer, an amateur HuFi (D:4)
  A wyvern (D:8)
  A swamp drake (D:8)
  An orc warrior (D:8)
  2 ogres
  A scorpion (D:5)
  A killer bee (D:7)
  2 lava snakes (Volcano)
  Jessica (D:3)
  A worker ant (D:4)
  A white imp (D:8)
  An ufetubus (D:6)
  2 orcs (D:6)
  A jackal (D:6)
  A goblin (D:3)
21 creatures vanquished.

Grand Total: 245 creatures vanquished

Notes
Turn   | Place    | Note
-------+----------+-------------------------------------------
     0 | D:1      | Gadfly the Demonspawn Monk began the quest for the Orb.
     0 | D:1      | Reached XP level 1. HP: 18/18 MP: 1/1
   383 | D:1      | Reached skill level 1 in Invocations
   527 | D:1      | Gained mutation: A weak demonic guardian rushes to your
                  | aid. [demonic ancestry]
   527 | D:1      | Reached XP level 2. HP: 24/24 MP: 2/2
   622 | D:1      | Reached skill level 1 in Evocations
   972 | D:1      | Reached skill level 1 in Armour
  1332 | D:2      | Found a sparkling altar of Nemelex Xobeh.
  1413 | D:2      | Became a worshipper of Nemelex Xobeh the Trickster
  1413 | D:2      | Reached * piety under Nemelex Xobeh
  1413 | D:2      | Received a gift from Nemelex Xobeh
  1413 | D:2      | Reached ** piety under Nemelex Xobeh
  1524 | D:2      | Received a gift from Nemelex Xobeh
  1572 | D:2      | Found an ancient bone altar of Kikubaaqudgha.
  1584 | D:2      | Gained mutation: You are partially covered in rugged brown
                  | scales. (AC +1, +3% HP) [demonic ancestry]
  1584 | D:2      | Reached XP level 3. HP: 24/29 MP: 4/4
  2269 | D:2      | Found an opulent altar of Gozag.
  2912 | D:2      | Found a glowing golden altar of the Shining One.
  3163 | D:3      | Reached XP level 4. HP: 36/36 MP: 5/5
  3446 | D:3      | Noticed Jessica
  3467 | D:3      | Killed Jessica
  4045 | D:4      | Gained mutation: You have sharp fingernails. [demonic
                  | ancestry]
  4045 | D:4      | Reached XP level 5. HP: 35/42 MP: 7/7
  4224 | D:4      | Noticed an ogre
  4243 | D:4      | Killed an ogre
  4515 | D:4      | Found a runed translucent door.
  4522 | D:4      | Noticed Alvadar's ghost (amateur HuFi)
  4637 | D:4      | Gained mutation: You are partially covered in sharp spines.
                  | [demonic ancestry]
  4637 | D:4      | Reached XP level 6. HP: 35/48 MP: 7/9
  4934 | D:4      | Received a gift from Nemelex Xobeh
  5072 | D:4      | Found Tupuaj's General Store.
  5259 | D:5      | Entered Level 5 of the Dungeon
  5259 | D:5      | Reached *** piety under Nemelex Xobeh
  5727 | D:4      | Killed Alvadar's ghost
  5872 | D:5      | Gained mutation: You have very sharp fingernails. [demonic
                  | ancestry]
  5872 | D:5      | Reached XP level 7. HP: 53/53 MP: 10/10
  6034 | D:5      | Found a snail-covered altar of Cheibriados.
  6279 | D:5      | Received a gift from Nemelex Xobeh
  6636 | D:6      | Reached skill level 5 in Invocations
  6636 | D:6      | Gained mutation: You are mostly covered in sharp spines.
                  | [demonic ancestry]
  6636 | D:6      | Reached XP level 8. HP: 41/61 MP: 11/11
  6948 | D:6      | Reached skill level 5 in Axes
  6948 | D:6      | Reached skill level 5 in Evocations
  7199 | D:6      | Found a hazy altar of Hepliaklqana.
  7200 | D:6      | Found a sacrificial altar of Ru.
  7253 | D:6      | Found an ornate altar of the Wu Jian Council.
  7334 | D:6      | Reached **** piety under Nemelex Xobeh
  7411 | D:6      | Got a dazzling hat
  7422 | D:6      | Identified the +1 hat of Courage {+Inv Dex+2} (You found it
                  | on level 6 of the Dungeon)
  7630 | D:7      | Reached skill level 5 in Armour
  7880 | D:6      | Gained mutation: A demonic guardian rushes to your aid.
                  | [demonic ancestry]
  7880 | D:6      | Reached XP level 9. HP: 61/67 MP: 13/13
  8345 | D:7      | Found a staircase to the Ecumenical Temple.
  8354 | Temple   | Entered the Ecumenical Temple
  8538 | D:7      | Received a gift from Nemelex Xobeh
  9090 | D:8      | Reached skill level 5 in Fighting
  9249 | D:8      | Received a gift from Nemelex Xobeh
  9460 | D:8      | Noticed a troll
  9461 | D:8      | Noticed a two-headed ogre
  9473 | D:8      | Noticed a meliai
  9473 | D:8      | a troll changed into a meliai
  9480 | D:8      | Killed a meliai
  9504 | D:8      | Killed a two-headed ogre
  9507 | D:8      | Reached XP level 10. HP: 21/76 MP: 15/15
 10365 | D:8      | Reached ***** piety under Nemelex Xobeh
 10365 | D:8      | Noticed a two-headed ogre
 10373 | D:8      | Killed a two-headed ogre
 10634 | D:9      | Noticed Joseph
 10817 | D:9      | Noticed Harold
 10826 | D:9      | Killed Joseph
 10826 | D:9      | Killed Harold
 11429 | D:9      | Found a staircase to the Lair.
 11560 | D:9      | Found a staircase to the Orcish Mines.
 11774 | D:10     | Entered Level 10 of the Dungeon
 11804 | D:10     | Got a bloodstained quarterstaff
 11806 | D:10     | Found a runed translucent door.
 11824 | D:9      | Identified the +5 quarterstaff "Tilub" {vorpal, rElec rC+}
                  | (You found it on level 10 of the Dungeon)
 11857 | Lair:1   | Entered Level 1 of the Lair of Beasts
 11893 | Lair:1   | Found a dark tunnel.
 11900 | Volcano  | Entered a volcano
 12513 | Volcano  | Reached XP level 11. HP: 62/83 MP: 17/17
 12518 | Volcano  | Found a radiant altar of Vehumet.
 12518 | Volcano  | Noticed a centaur warrior
 12520 | Volcano  | HP: 4/84 [centaur warrior/arrow (18)]
 12520 | Volcano  | Shot with an arrow by a centaur warrior

Illustrated notes

Levels and vault maps discovered:
D:1:      giann_horns, layout_basic
D:2:      layout_basic, nicolae_overflow_crystal_walls, general_overflow_altar,
          lemuel_doored_altar, nicolae_tso_swordbearing_angel
D:3:      layout_basic, uniq_jessica
D:4:      layout_basic, ebering_ghost_inner_flame, serial_shops, shop,
          patterned_corridor
D:5:      layout_loops_cross, kennysheep_mini, roderic_serpentine_path
D:6:      layout_basic, grunt_temple_overflow_open
D:7:      layout_cave_pools, minmay_temple_entry_glass
D:8:      wad_guarded_room, layout_basic, nrook_mini_backslash, chequers_avenue
D:9:      layout_cave_pools, lair_entry_dummy, orc_0_dummy, uniq_harold,
          uniq_joseph
D:10:     minmay_the_grid_four_pointed_star_mashed
          [minmay_the_grid_triangle_9x9_flanged_cone,
          minmay_the_grid_triangle_9x9_shrine,
          minmay_the_grid_triangle_9x9_wacky_v,
          minmay_the_grid_triangle_9x9_subtriangle,
          minmay_the_grid_prize_four_corners_diamond_a], layout_loops_cross,
          uniq_erica
Temple:   eino_narrow_crystal_temple
Lair:1:   layout_cave_pods, enter_volcano_2
Volcano:  volcano_grotto [vgs_original]

Skill      XL: |  1  2  3  4  5  6  7  8  9 10 |
---------------+-------------------------------+-----
Invocations    | 1 2 3 4 5 6 7 8 |  8.3
Evocations     | 1 2 3 4 5 7 8 |  8.6
Armour         | 1 2 3 4 5 6 7 |  7.8
Axes           | 3 4 5 7 8 |  8.2
Fighting       | 4 5 6 |  6.3
Dodging        | |  2.6
Stealth        | |  1.7

Action                   |  1- 3 |  4- 6 |  7- 9 | 10-12 || total
-------------------------+-------+-------+-------+-------++-------
Melee: Hand axe          |   146 |   171 |       |       ||   317
       Morningstar       |       |     3 |    40 |       ||    43
       Battleaxe         |       |       |    84 |       ||    84
       War axe           |       |       |    34 |   106 ||   140
Invok: Draw Destruction  |     4 |     3 |     4 |     2 ||    13
       Draw Escape       |     2 |       |       |     1 ||     3
       Draw Summoning    |       |     2 |     1 |     1 ||     4
Evoke: Wand              |       |       |       |    13 ||    13
  Use: Scroll            |     3 |     2 |     6 |     2 ||    13
       Potion            |     1 |     3 |     1 |       ||     5
 Stab: Sleeping          |     1 |       |       |       ||     1
       Distracted        |       |       |     1 |     2 ||     3
Armor: Robe              |     8 |       |       |       ||     8
       Scale mail        |    44 |    91 |       |       ||   135
       Plate armour      |       |    29 |   168 |    80 ||   277
Dodge: Dodged            |    78 |    99 |    36 |    37 ||   250
